 Dungeon Crawl Stone Soup version 0.30.1-10-g1249ef9ec4 (webtiles) character file.

Game seed: 15871367871001117107

21490 Rumpel the Severer (level 12, -8/111 HPs)
             Began as a Minotaur Berserker on Oct 26, 2023.
             Was an Elder of Trog.
             Mangled by a deep elf knight
             ... wielding a +0 scimitar
              (14 damage)
             ... on level 13 of the Dungeon.
             The game lasted 01:23:36 (15667 turns).

Rumpel the Severer (Minotaur Berserker)            Turns: 15667, Time: 01:23:37

Health: -8/111     AC: 22    Str: 32    XL:     12   Next: 54%
Magic:  11/11      EV: 12    Int:  4    God:    Trog [****..]
Gold:   221        SH:  0    Dex: 11    Spells: 11/11 levels left

rFire   + . .        a - +1 hand axe
rCold   . . .        (no shield)
rNeg    . . .        p - +2 plate armour {rF+}
rPois   .            (helmet restricted)
rElec   .            (no cloak)
rCorr   .            (no gloves)
SInv    .            H - +0 pair of boots
Will    .....        (no amulet) Stlth
                     v - +4 ring of protection
HPRegen 0.38/turn    A - +6 ring of strength
MPRegen 0.12/turn

%: no passive effects
@: no status effects
A: horns 2, retaliatory headbutt
a: Renounce Religion, Berserk, Trog's Hand, Brothers in Arms


You were on level 13 of the Dungeon.
You worshipped Trog.
Trog was greatly pleased with you.
You visited 3 branches of the dungeon, and saw 16 of its levels.
You also visited: Ossuary.

You collected 781 gold pieces.
You spent 560 gold pieces at shops.

Inventory:

Hand Weapons
 a - a +1 hand axe (weapon)
 b - the +5 war axe "Jaruz" {holy, rN+ Dex+4}
   (You acquired it on level 6 of the Dungeon)

   Dex:       It affects your dexterity (+4).
   rN:        It protects you from negative energy.
 e - a +0 dagger of protection
 f - a +2 spear
 i - a +0 sling
 E - a +0 war axe
 G - a +0 whip of pain
 L - a +1 falchion of holy wrath
 T - a +1 heavy quarterstaff
 V - a +1 morningstar of protection
Missiles
 d - 118 stones (quivered)
 w - a throwing net
 x - 38 poisoned darts
Armour
 o - a +2 plate armour
 p - a +2 plate armour of fire resistance (worn)
 H - a +0 pair of boots (worn)
 M - a +3 leather armour
Magical Staves
 m - a staff of air
 y - a staff of earth
Jewellery
 q - a +5 ring of evasion
 t - a ring of poison resistance
 v - a +4 ring of protection (left hand)
 A - a +6 ring of strength (right hand)
 O - the ring "Hiolloh" {Ice Dex+4}
   (You found it on level 9 of the Dungeon)

   [ring of ice]

   It enhances your ice magic.
   Dex:       It affects your dexterity (+4).
   rF:        It makes you vulnerable to fire.
   rC:        It protects you from cold.
Wands
 n - a wand of flame (6)
 N - a wand of digging (7)
 P - a wand of iceblast (6)
 U - a wand of charming (9)
 X - a wand of mindburst (12)
Scrolls
 c - 2 scrolls of fog
 h - 6 scrolls of teleportation
 k - 5 scrolls of noise
 l - 5 scrolls of amnesia
 F - 2 scrolls of fear
 I - a scroll of magic mapping
 J - 4 scrolls of identify
 K - 2 scrolls of vulnerability
 Q - 2 scrolls of blinking
 R - a scroll of acquirement
Potions
 g - 5 potions of lignification
 j - a potion of resistance
 r - 4 potions of curing
 s - 4 potions of attraction
 u - 2 potions of berserk rage
 z - 3 potions of flight
 B - 2 potions of ambrosia
 C - 2 potions of haste
 D - 5 potions of might
 S - 3 potions of invisibility
 W - a potion of magic {unknown}
Miscellaneous
 Y - a phantom mirror


   Skills:
 + Level 11.7 Fighting
 + Level 16.6 Axes
 + Level 11.4 Armour
 + Level 10.4 Dodging


You had 11 spell levels left.
You didn't know any spells.
Your spell library contained the following spells:

 Spells                   Type           Power      Damage    Failure   Level
 Ensorcelled Hibernation  Hex/Ice        0%         N/A       99%         2
 Passwall                 Tmut/Erth      0%         N/A       99%         2
 Ozocubu's Armour         Ice            0%         N/A       100%        3
 Swiftness                Air            0%         N/A       100%        3
 Ozocubu's Refrigeration  Ice            0%         4d7       100%        7


Dungeon Overview and Level Annotations

Branches:
Dungeon (13/15)            Temple (1/1) D:6            Lair (2/5) D:9
    Orc (0/2) D:11        Ossuary (visited)
  Swamp: Lair:2-3    Shoals: Lair:2-3     Snake: Lair:2-3    Spider: Lair:2-3
 Vaults: D:13-14

Altars:
Ashenzari
Cheibriados
Dithmenos
Elyvilon
Fedhas
Gozag
Hepliaklqana
Kikubaaqudgha
Makhleb
Nemelex Xobeh
Okawaru
Qazlal
Ru
Sif Muna
Trog
Uskayaw
Vehumet
Wu Jian
Xom
Yredelemnul
Zin
The Shining One

Shops:
D:6 *   D:11 [


Innate Abilities, Weirdness & Mutations

You have a pair of horns on your head.
You reflexively headbutt those who attack you in melee.


Message History

Trog appreciates your killing of a magic user.
You barely miss the deep elf knight.
The deep elf knight casts a spell at you.
The shard of ice hits you!!
You are too injured to fight recklessly!
You are too injured to fight recklessly!
You are too injured to fight recklessly!
You are too injured to fight recklessly!
Unknown command.
You miss the deep elf knight.
The deep elf knight is heavily wounded.
The deep elf knight hits you with a +0 scimitar.
You barely miss the deep elf knight. You headbutt the deep elf knight!
The deep elf knight is severely wounded.
You hit the deep elf knight.
The deep elf knight is severely wounded.
The deep elf knight mumbles some strange words.
The deep elf knight flickers and vanishes!
Deactivating autopickup; reactivate with Ctrl-A.
Something hits you but does no damage.
You see here a +0 rapier.
You hear some strange, mumbled words.
You see here 17 gold pieces.
You hear some strange, mumbled words.
A shard of ice appears from out of thin air!
The shard of ice hits you!
You hear some strange, mumbled words.
A lance of force appears from out of thin air!
The lance of force hits you!!
* * * LOW HITPOINT WARNING * * *
You are knocked back by the lance of force.
You slam into the metal wall!
* * * LOW HITPOINT WARNING * * *
You see here 14 gold pieces.
You feel better. Something hits you.
* * * LOW HITPOINT WARNING * * *
Something hits you but does no damage. Something hits you!
* * * LOW HITPOINT WARNING * * *
Something hits you!
You die...

# ####### #. #..@.$#
#......$# . #..##.#$.#
#.......# . #.#..#.#.#)#
+.......# .##.#..#.##..#
#.......#
..........#.#####.......#
#####.#..#.#####...........#
...........................#
...........................#
###.#))#.#####...........#


There were no monsters in sight!

Vanquished Creatures
  A centaur warrior (D:13)
  A boulder beetle (D:12)
  5 two-headed ogres
  A deep elf pyromancer (D:13)
  An ugly thing (D:12)
  A black mamba (Lair:1)
  A manticore (D:11)
  2 gargoyles (D:11)
  An unseen horror (D:10)
  2 yaktaurs (D:13)
  2 komodo dragons (Lair:1)
  4 trolls
  A queen bee (shapeshifter) (D:13)
  2 hornets
  Sigmund (D:6)
  A shadow (D:9)
  3 slime creatures (D:13)
  A vampire (D:13)
  3 wraiths
  Eustachio (D:6)
  2 basilisks (Lair:1)
  31 yaks
  3 wyverns
  A steam dragon (D:6)
  4 vampire mosquitoes (D:11)
  Duvessa (D:6)
  A water moccasin (D:9)
  6 orc warriors
  2 ice beasts (D:7)
  A boggart (D:13)
  2 sky beasts
  3 wolves (D:9)
  5 centaurs
  A phantom (D:5)
  2 elf zombies (Ossuary)
  5 kobold brigands
  Blork the orc (D:6)
  11 bullfrogs
  2 scorpions
  Dowan (D:6)
  8 wights
  3 killer bees (D:8)
  2 electric eels (D:9)
  3 howler monkeys
  7 hounds
  3 jellies
  6 orc priests
  A gnoll bouda (D:5)
  4 iguanas
  7 orc wizards
  Natasha (thrice) (D:2)
  3 mummies (Ossuary)
  3 gnolls (D:5)
  11 adders
  A white imp (D:5)
  An ufetubus (D:6)
  2 worms (D:3)
  3 dart slugs
  42 orcs
  6 endoplasms
  4 giant cockroaches
  2 gnoll zombies (Ossuary)
  4 goblins
  4 hobgoblins
  2 quokkas
  3 ball pythons
  13 bats
  3 goblin zombies (Ossuary)
  A hobgoblin zombie (Ossuary)
  18 kobolds
  3 kobold zombies (Ossuary)
  An orc zombie (Ossuary)
  A rat (D:2)
298 creatures vanquished.

Vanquished Creatures (others)
  A kobold brigand (D:13)
1 creature vanquished.

Grand Total: 299 creatures vanquished

Notes
Turn   | Place    | Note
-------+----------+-------------------------------------------
     0 | D:1      | Rumpel the Minotaur Berserker began the quest for the Orb.
     0 | D:1      | Reached XP level 1. HP: 19/19 MP: 0/0
   126 | D:1      | Reached XP level 2. HP: 27/27 MP: 1/1
   390 | D:1      | Reached skill level 4 in Axes
   649 | D:2      | Reached XP level 3. HP: 28/33 MP: 2/2
   717 | D:2      | Noticed Natasha
   737 | D:2      | Killed Natasha
   738 | D:2      | Reached skill level 5 in Axes
   865 | D:2      | Noticed Natasha
   874 | D:2      | Killed Natasha
   875 | D:2      | Reached XP level 4. HP: 11/40 MP: 3/3
  1088 | D:2      | Reached skill level 6 in Axes
  1190 | D:2      | Noticed Natasha
  1202 | D:2      | Killed Natasha
  1267 | D:2      | Found a faded altar of an unknown god.
  1581 | D:3      | Reached ** piety under Trog
  1607 | D:3      | Reached XP level 5. HP: 45/46 MP: 4/4
  1668 | D:3      | Reached skill level 7 in Axes
  1929 | D:3      | Reached XP level 6. HP: 52/52 MP: 5/5
  2072 | D:3      | Reached skill level 8 in Axes
  2091 | D:3      | Found a broken altar of Ashenzari.
  2590 | D:4      | Reached *** piety under Trog
  3353 | D:5      | Entered Level 5 of the Dungeon
  3563 | D:5      | Reached skill level 9 in Axes
  3753 | D:5      | Reached XP level 7. HP: 54/58 MP: 6/6
  3938 | D:5      | Reached skill level 10 in Axes
  4013 | D:5      | Found a shadowy altar of Dithmenos.
  4013 | D:5      | Found a shimmering altar of Xom.
  4302 | D:6      | Found a hide-covered altar of Uskayaw.
  4410 | D:6      | Noticed Sigmund
  4444 | D:6      | Noticed Dowan
  4449 | D:6      | Noticed Duvessa
  4453 | D:6      | Reached skill level 11 in Axes
  4463 | D:6      | Killed Duvessa
  4464 | D:6      | Reached XP level 8. HP: 60/66 MP: 7/7
  4470 | D:6      | Killed Dowan
  4484 | D:6      | Found a glowing golden altar of the Shining One.
  4533 | D:6      | Noticed Blork the orc
  4572 | D:6      | Killed Sigmund
  4573 | D:6      | Reached skill level 12 in Axes
  4625 | D:6      | Reached **** piety under Trog
  4642 | D:6      | Killed Blork the orc
  4969 | D:6      | Found Antihoh's General Store.
  4975 | D:6      | Reached skill level 13 in Axes
  5002 | D:6      | Noticed Eustachio
  5016 | D:6      | Killed Eustachio
  5374 | D:6      | Reached XP level 9. HP: 32/72 MP: 8/8
  5589 | D:6      | Found a staircase to the Ecumenical Temple.
  5601 | Temple   | Entered the Ecumenical Temple
  5919 | D:6      | Identified a scroll of acquirement
  6031 | D:7      | Reached skill level 5 in Fighting
  6044 | D:7      | Found a sand-covered staircase.
  6053 | Ossuary  | Entered an ossuary
  6641 | D:7      | Reached skill level 5 in Armour
  7160 | D:7      | Reached skill level 5 in Dodging
  7749 | D:8      | Reached skill level 14 in Axes
  7757 | D:8      | Reached XP level 10. HP: 39/84 MP: 9/9
  8374 | D:8      | Acquired the +5 war axe "Jaruz" {holy, rN+ Dex+4}
  8425 | D:9      | Noticed a two-headed ogre
  8432 | D:9      | Reached ***** piety under Trog
  8435 | D:9      | Killed a two-headed ogre
  8844 | D:9      | Found a staircase to the Lair.
  8874 | D:9      | Identified the ring "Hiolloh" {Ice Dex+4}
  9082 | D:9      | Noticed a two-headed ogre
  9095 | D:9      | Killed a two-headed ogre
  9374 | Lair:1   | Entered Level 1 of the Lair of Beasts
  9381 | Lair:1   | Reached XP level 11. HP: 92/95 MP: 10/10
  9411 | Lair:1   | Reached skill level 15 in Axes
 10751 | D:10     | Entered Level 10 of the Dungeon
 11105 | D:10     | Reached skill level 10 in Fighting
 11508 | D:10     | Reached skill level 10 in Armour
 12080 | D:11     | Found a staircase to the Orcish Mines.
 12085 | D:11     | Received a gift from Trog
 12086 | D:11     | Found Senogief's Armour Boutique.
 12095 | D:11     | Bought a +2 plate armour of fire resistance for 560 gold
                  | pieces
 12655 | D:11     | Found a shimmering blue altar of Sif Muna.
 12699 | D:11     | Reached skill level 16 in Axes
 12699 | D:11     | Reached XP level 12. HP: 73/108 MP: 11/11
 12943 | D:11     | Noticed a two-headed ogre
 12948 | D:11     | Killed a two-headed ogre
 13791 | D:12     | Noticed a two-headed ogre
 13791 | D:12     | Noticed a boulder beetle
 13797 | D:12     | Killed a two-headed ogre
 13822 | D:12     | Killed a boulder beetle
 14842 | D:13     | Noticed a two-headed ogre
 14849 | D:13     | Killed a two-headed ogre
 14850 | D:13     | Reached skill level 10 in Dodging
 15299 | D:13     | Noticed a centaur warrior
 15311 | D:13     | Killed a centaur warrior
 15667 | D:13     | Mangled by a deep elf knight

Illustrated notes

Levels and vault maps discovered:
D:1:      wander_arrival_lonely_grave, layout_rooms, hangedman_decor_points
D:2:      layout_rooms, shapermc_ecumenical_altar_flowoftime, st_stairs_8,
          uniq_natasha
D:3:      layout_basic, evilmike_ruin_ashenzari
D:4:      layout_loops_ring, wad_orctagon
D:5:      layout_gridville, mainiacjoe_overflow_divided_tiny
D:6:      layout_gridville, tso_metal_star, eat_drink_and_be_merry_uskayaw,
          temple_hall, serial_shops, shop, uniq_blork_the_orc, uniq_eustachio,
          uniq_sigmund, uniq_duvessa
D:7:      layout_basic, enter_ossuary_1, enter_bailey_2, nrook_uturn,
          minmay_splitting_lines
D:8:      layout_basic
D:9:      layout_loops_ring, erik_lair_island, roderic_batcave
D:10:     layout_big_octagon, st_stairs_3, minmay_misc_feat_encased,
          grunt_ministairs_14
D:11:     layout_layer_cave, orc_david_3, lemuel_blue_sif_altar
D:12:     layout_cave_pools
D:13:     layout_stronghold, hangedman_vaults_entry_quadrant_bands,
          okawaru_altar_gauntlet_db
Temple:   minmay_temple_bridge_d
Lair:1:   layout_regular_city, grunt_megastairs_3, infiniplex_staircase_pool
Lair:2:   layout_chaotic_city, spider_nest_entry_rubble,
          nicolae_lair_grove_arrangements, chequers_serial_rivers_room_b,
          serial_bayou_shore_a, lemuel_fruit_tree, infiniplex_staircase_pool_2

Skill      XL: |  1  2  3  4  5  6  7  8  9 10 11 12 |
---------------+-------------------------------------+-----
Axes           | 4 5 6 7 9 11 13 14 16 | 16.6
Armour         | 4 6 8 10 11 | 11.4
Fighting       | 4 6 8 10 11 | 11.7
Dodging        | 3 5 7 9 10 | 10.4

Action                     |  1- 3 |  4- 6 |  7- 9 | 10-12 || total
---------------------------+-------+-------+-------+-------++-------
  Melee: Hand axe          |    53 |   213 |   102 |   182 ||   550
         Headbutt          |     8 |    36 |    52 |    92 ||   188
         Punch             |     2 |     1 |     2 |     4 ||     9
         War axe           |       |       |   140 |   234 ||   374
         Dagger            |       |       |     6 |       ||     6
 Invoke: Berserk           |       |       |       |     5 ||     5
         Brothers in Arms  |       |       |       |     2 ||     2
  Evoke: Wand              |       |       |       |     5 ||     5
    Use: Scroll            |     3 |     7 |    11 |     7 ||    28
         Potion            |       |       |     4 |     5 ||     9
 Armour: Animal skin       |     5 |       |       |       ||     5
         Plate armour      |    16 |   121 |   144 |   277 ||   558
  Dodge: Dodged            |    29 |    56 |    95 |   216 ||   396
